Cogmind - Beta 16.1 @@@ ROGUE MODE // 2026.04.24 @ 18:54:54 Player: Pitifulpancake Result: Destroyed by FH-VUA(R) with Subdweller Machine Gun Performance ------------- Evolutions (0) 0 Regions Visited (2) 400 Robots Destroyed (7) 35 Value Destroyed (205) 205 Prototype IDs (0) 0 Alien Tech Used (0) 0 Bonus (0) 0 TOTAL SCORE: 640 Bonus ------- None Cogmind --------- Core Integrity 0/250 Matter 142/300 Energy 200/200 System Corruption 0% Temperature Cool (0) Movement Rolling (110) Location -10/Subcaves Parts ------- > --- POWER (1) -------- Subdweller Power Source > --- PROPULSION (2) --- Subdweller Monowheel Subdweller Monowheel > --- UTILITY (2) ------ Small Storage Unit Light Armor Plating > --- WEAPON (2) ------- Battle Rifle Battle Rifle > --- INVENTORY (8) ---- Light Ion Engine Improved Ion Engine Subdweller Power Source Spiked Treads Subdweller Optics Battle Rifle Makeshift Spear Shrapnel Trap Peak State ------------ > --- POWER ------------ Subdweller Power Source > --- PROPULSION ------- Subdweller Monowheel Subdweller Monowheel > --- UTILITY ---------- Small Storage Unit Light Armor Plating > --- WEAPON ----------- Battle Rifle Makeshift Spear > --- INVENTORY -------- Light Ion Engine Improved Ion Engine Subdweller Power Source Spiked Treads Subdweller Optics Battle Rifle Battle Rifle Shrapnel Trap [Rating: 15] Favorites ----------- Power Subdweller Power Source Engine Subdweller Power Source Propulsion Subdweller Monowheel Wheel Subdweller Monowheel Utility Small Storage Unit Device Disposable Heat Sink Storage Small Storage Unit Protection Light Armor Plating Weapon Battle Rifle Energy Gun Medium Laser Ballistic Gun Battle Rifle Piercing Weapon Makeshift Spear Build | -11 -10 -10 ------- Run | Yrd Mat Sub Slots Evolved . | . . . Power . | . . . Propulsion . | . . . Utility . | . . . Weapon . | . . . Parts Attached 22 | 6 . 16 Power 4 | 1 . 3 Engine 4 | 1 . 3 Core . | . . . Reactor . | . . . Propulsion 7 | 2 . 5 Treads . | . . . Leg . | . . . Wheel 7 | 2 . 5 Hover . | . . . Flight . | . . . Utility 3 | 1 . 2 Device 1 | . . 1 Storage 1 | 1 . . Processor . | . . . Hackware . | . . . Protection 1 | . . 1 Artifact . | . . . Weapon 8 | 2 . 6 Energy Gun 2 | 1 . 1 Energy Cannon . | . . . Ballistic Gun 5 | 1 . 4 Ballistic Cannon . | . . . Launcher . | . . . Special Weapon . | . . . Impact Weapon . | . . . Slashing Weapon . | . . . Piercing Weapon 1 | . . 1 Special Melee Weapon . | . . . Unidentified Prototypes . | . . . Parts Lost 3 | . . 3 Power . | . . . Propulsion 2 | . . 2 Utility . | . . . Weapon 1 | . . 1 Highest Loss Streak 2 | . . 2 To Critical Strikes . | . . . Average Backups 5 | 1 3 6 Power 1 | . 1 2 Propulsion 1 | . 1 1 Utility . | . . . Weapon 1 | . 1 1 Tool/Special . | . . . Unused Backups 5 | . . 5 Power 2 | . . 2 Propulsion 2 | . . 2 Utility 1 | . . 1 Weapon . | . . . Tool/Special . | . . . Average Slot Usage (%) 94 | . 85 96 Engine 14 | . 14 14 Wheel 27 | . 28 27 Device 1 | . . 1 Storage 14 | . 14 14 Protection 8 | . . 9 Energy Gun 11 | . 14 10 Ballistic Gun 16 | . 14 16 Peak Build Rating 15 | 6 6 15 Average Rating 9 | 4 6 10 On Entrance 4 | . 6 6 Avg Prop Armor Cover (%) 3 | . . 3 Naked Turns . | . . . Heaviest Build 19 | 14 14 19 Greatest Support 40 | 26 26 40 Greatest Overweight (x) 2 | 2 . . Average Overweight (x) . | . . . Largest Inventory Capacity 8 | 8 8 8 Average Capacity 7 | 6 8 8 Most Carried 8 | 3 4 8 Average Carried 6 | 1 3 6 Final Capacity 8 | 8 8 8 Final Carried 8 | 3 4 8 Class Distribution -------------------- 76% | Mutant 23% | Scavenger-Mutant Dominant Class ---------------- Mutant | -10/Materials Mutant | -10/Subcaves Resources | -11 -10 -10 ----------- Run | Yrd Mat Sub Matter Collected 421 | 257 . 164 Remotely . | . . . Salvage Created 198 | . . 198 Parts 12 | . . 12 Haulers Intercepted . | . . . Recyclers Shooed . | . . . Parts Field Recycled . | . . . Retrieved Matter . | . . . Parts Self-Destructed 8 | . . 8 Prevented . | . . . Parts Restored . | . . . Kills | -11 -10 -10 ------- Run | Yrd Mat Sub Combat Hostiles Destroyed 5 | . . 5 Guns 5 | . . 5 Classes Destroyed 4 | . . 4 Turret 2 | . . 2 Swarmer 2 | . . 2 Sentry 1 | . . 1 Subdweller 2 | . . 2 Best Kill Streak 2 | . . 2 Combat Bots Only 2 | . . 2 Max Kills in Single Turn 1 | . . 1 Gunslinging . | . . . Exploded . | . . . Melee . | . . . Uniques/NPCs Destroyed . | . . . Combat | -11 -10 -10 -------- Run | Yrd Mat Sub Hostile Shots Fired 137 | . . 137 Missed 52 | . . 52 Hits 85 | . . 85 Projectile 85 | . . 85 Damage Taken 906 | . . 906 Core 253 | . . 253 Absorbed by Shields . | . . . Core Remaining (%) 100 | 100 . . Volleys Fired 42 | . . 42 Largest 2 | . . 2 Hottest 70 | . . 70 Shots Fired 84 | . . 84 Gun 84 | . . 84 Cannon . | . . . Launcher . | . . . Special . | . . . Kinetic 50 | . . 50 Thermal 34 | . . 34 Explosive . | . . . Electromagnetic . | . . . Robot Hit Streak 10 | . . 10 Robot Miss Streak 3 | . . 3 Penetration Max . | . . . Secondary Targets . | . . . Shots Hit Robots 56 | . . 56 Core Hits 15 | . . 15 Critical Kills 1 | . . 1 Critical Parts Destroyed . | . . . Critical Strikes 4 | . . 4 Burn 3 | . . 3 Destroy 1 | . . 1 Melee Attacks 10 | . . 10 Impact . | . . . Slashing . | . . . Piercing 10 | . . 10 Sneak Attacks . | . . . Combat Hostiles . | . . . Follow-up Attacks . | . . . Damage Inflicted 683 | . . 683 Guns 683 | . . 683 Cannons . | . . . Explosions . | . . . Melee . | . . . Ramming . | . . . Kinetic 432 | . . 432 Thermal 251 | . . 251 Explosive . | . . . Electromagnetic . | . . . Impact . | . . . Slashing . | . . . Piercing . | . . . Highest Corruption . | . . . Average Corruption . | . . . Corruption Purged . | . . . Corruption Blocked . | . . . Overload Shots . | . . . Overflow Damage . | . . . Projectiles . | . . . Explosions . | . . . Melee . | . . . Knockbacks . | . . . Impact . | . . . Kinetic . | . . . Secondary . | . . . Self-Inflicted Damage . | . . . Shots . | . . . Rammed . | . . . Targets Rammed . | . . . Kicked . | . . . Crushed . | . . . Highest Temperature 13 | . . 13 Average Temperature 5 | . . 5 Received Heat Transfer 363 | . . 363 Siege Activations . | . . . Martial Activations . | . . . Shielding Activations . | . . . Robots Disrupted . | . . . Combat Hostiles . | . . . Robots Corrupted . | . . . Combat Hostiles . | . . . Parts Fried . | . . . Impact Corruptions . | . . . Robots Melted . | . . . Combat Hostiles . | . . . Parts Melted . | . . . Heat Transferred 962 | . . 962 Parts Sabotaged . | . . . Parts Stolen . | . . . Parts Stripped . | . . . Power Chain Reactions . | . . . Alert | -11 -10 -10 ------- Run | Yrd Mat Sub Maximum Alert Level . | . . . Low Security (%) 100 | 100 100 . Level 1 . | . . . Level 2 . | . . . Level 3 . | . . . Level 4 . | . . . Level 5 . | . . . High Security . | . . . Max Security . | . . . Peak Influence 5 | . 5 . Initial . | . . . Average . | . . . Influence Increases 225 | . 5 220 Destroy 0b10 Robot/C 100 | . . 100 Successful Hack 5 | . 5 . Lose Combat Pursuer 120 | . . 120 Influence Decreases 225 | . 5 220 Time Decay 195 | . 5 190 Lost Part 30 | . . 30 Squads Dispatched . | . . . Investigation . | . . . Extermination . | . . . Reinforcement . | . . . Assault . | . . . Garrison . | . . . Intercept . | . . . Searches Triggered . | . . . Construction Impeded . | . . . Haulers Reinforced . | . . . Active Scanning Responses . | . . . Cargo Convoy Interrupts . | . . . Stealth | -11 -10 -10 --------- Run | Yrd Mat Sub Distress Signals . | . . . Communications Jammed . | . . . Distress Signals . | . . . Times Spotted 13 | . . 13 Peak Tracking Total 6 | . . 6 Tactical Retreats 5 | . . 5 Traps | -11 -10 -10 ------- Run | Yrd Mat Sub Traps Triggered . | . . . Indirectly . | . . . Trap Hack Attempts . | . . . Triggered . | . . . Disarmed . | . . . Reprogrammed . | . . . Reused . | . . . Traps Extracted . | . . . Installed . | . . . Triggered . | . . . Most Traps Carried 1 | . . 1 Machines | -11 -10 -10 ---------- Run | Yrd Mat Sub Machines Disabled 1 | . . 1 Max in Single Turn 1 | . . 1 Machines Repaired . | . . . Machines Dismantled . | . . . Machines Sabotaged . | . . . Overloaded Fab Kills . | . . . Hacking | -11 -10 -10 --------- Run | Yrd Mat Sub Machines Accessed 2 | . 1 1 Terminals 1 | . 1 . Fabricators . | . . . Repair Stations . | . . . Recycling Units . | . . . Scanalyzers . | . . . Garrison Access . | . . . Total Hacks 10 | . 6 4 Successful 9 | . 5 4 Failed 1 | . 1 . Catastrophic . | . . . Database Lockouts . | . . . Manual 1 | . 1 . Terminals 6 | . 6 . Fabricators . | . . . Repair Stations . | . . . Recycling Units . | . . . Scanalyzers . | . . . Garrison Access . | . . . Terminal Hacks 8 | . 4 4 Record 4 | . . 4 Robot Analysis 1 | . 1 . Alert Level 1 | . 1 . Locate Traps 1 | . 1 . Zone Layout 1 | . 1 . Fabricator Hacks . | . . . Repair Station Hacks . | . . . Recycling Unit Hacks . | . . . Scanalyzer . | . . . Garrison Access Hacks . | . . . Unauthorized Hacks 1 | . 1 . Terminals 1 | . 1 . Botnet 1 | . 1 . Fabricators . | . . . Repair Stations . | . . . Recycling Units . | . . . Scanalyzers . | . . . Garrison Access . | . . . Data Cores Recovered . | . . . Used . | . . . Hacking Detections 1 | . 1 . Full Trace Events . | . . . Feedback Events . | . . . Feedback Blocked . | . . . Robot Schematics Acquired . | . . . Robots Built . | . . . Authchips . | . . . Time . | . . . Total Robot Build Rating . | . . . Part Schematics Acquired . | . . . Parts Built . | . . . Authchips . | . . . Time . | . . . Total Part Build Rating . | . . . Part Studies Acquired . | . . . Parts Repaired . | . . . Time . | . . . Parts Recycled . | . . . Recycled Matter . | . . . Retrieved Matter . | . . . Retrieved Components . | . . . Parts Scanalyzed . | . . . Part Schematics Acquired . | . . . Parts Damaged . | . . . Bothacking | -11 -10 -10 ------------ Run | Yrd Mat Sub Used RIF Installer . | . . . Robots Hacked . | . . . Non-combat . | . . . Combat . | . . . Robot Hacks Applied . | . . . Relay Couplers Released . | . . . Fabnet Peak Effective % . | . . . Robots Rewired . | . . . Allies Hacked . | . . . Hacks Repelled . | . . . Allies | -11 -10 -10 -------- Run | Yrd Mat Sub Total Allies . | . . . Largest Group . | . . . Highest-Rated Group . | . . . Highest-Rated Ally . | . . . Total Orders . | . . . Ally Attacks . | . . . Total Damage . | . . . Kills . | . . . Allies Corrupted . | . . . Allies Melted . | . . . Intel | -11 -10 -10 ------- Run | Yrd Mat Sub Active Infowar (turns) . | . . . Robot Analysis Total 1 | . 1 . Derelict Logs Recovered . | . . . Drone Launches . | . . . Drone Recoveries . | . . . Exploration | -11 -10 -10 ------------- Run | Yrd Mat Sub Turns Passed 1275 | 53 115 1107 Spaces Moved 1010 | 44 127 839 Core 5 | 5 . . Treads . | . . . Legs . | . . . Wheels 1005 | 39 127 839 Hover . | . . . Flight . | . . . Fastest Speed 50 | 50 90 90 Average Speed 103 | 89 90 105 Slowest Speed 150 | 150 90 110 Overloaded Moves . | . . . Propulsion Burnouts . | . . . Robots Hopped . | . . . Potential Cave-ins . | . . . Cave-ins Triggered . | . . . Exploration Rate (%) 21 | 3 16 45 Regions Visited 2 Branch Regions 1 Pre-discovered Areas 1 | . . 1 Known Exits Taken . | . . . Unknown Exits Taken 2 | 1 1 . Scrap Searched 8 | . . 8 Spaces Dug . | . . . Terrain Destroyed . | . . . Melee . | . . . Projectile . | . . . AOE . | . . . Terrain Rammed . | . . . Walls Destroyed . | . . . Machines Disabled . | . . . Actions | -11 -10 -10 --------- Run | Yrd Mat Sub Total 1151 | 54 127 970 Wait 34 | 2 . 32 Move 1008 | 43 126 839 Hop . | . . . Pick Up 15 | 3 1 11 Fast Attach 12 | 6 . 6 Attach 2 | . . 2 Detach 1 | . . 1 Swap 13 | . . 13 Drop 14 | . . 14 Fire 42 | . . 42 Melee 10 | . . 10 Ram . | . . . Kick . | . . . Crush . | . . . Escape Stasis . | . . . Rewire . | . . . Trap . | . . . Miscellaneous . | . . . Route ------- -11/Scrapyard -10/Materials -10/Subcaves (discovered 2 exits: [*Mat] / [*Rec]) History --------- Turn | Location | Event 28 | -11/Scrapyard | Discovered new exit (range 16) 54 | -11/Scrapyard | Entered Materials 162 | -10/Materials | Discovered new exit (range 7) 169 | -10/Materials | Entered Subcaves 169 | -10/Subcaves | Discovered new exit (range 17) 317 | -10/Subcaves | Build established: Mutant 352 | -10/Subcaves | Core integrity fell below 50% 375 | -10/Subcaves | Discovered new exit (range 8) 706 | -10/Subcaves | Visited Clippyterm 711 | -10/Subcaves | Learned location of Section 7 (-2) 711 | -10/Subcaves | Learned Factory stockpile data 1023 | -10/Subcaves | Shifting Twisted Machinery released Battle Rifle 1035 | -10/Subcaves | Shifting Twisted Machinery released Battle Rifle 1111 | -10/Subcaves | Shifting Twisted Machinery released Sub. Power Source 1115 | -10/Subcaves | Shifting Twisted Machinery released Sub. Monowheel 1263 | -10/Subcaves | Core integrity fell below 20% 1276 | -10/Subcaves | Destroyed by FH-VUA(R) with Subdweller Machine Gun Last Messages --------------- down. Battle Rifle falls loose from the Twisted Machinery. 01030_ Dropped Sub. Laser. 01031_ Acquired Battle Rifle. Battle Rifle falls loose from the Twisted Machinery. 01071_ Dropped Battle Rifle. 01071_ Acquired Battle Rifle. 01072_ Dropped Lgt. Assault Rifle. 01074_ Acquired Battle Rifle. 01077_ Dropped Broken Sub. Monowheel. Sub. Power Source falls loose from the Twisted Machinery. Sub. Monowheel falls loose from the Twisted Machinery. 01126_ Dropped Sub. Monowheel. 01151_ Dropped Aluminum Leg. 01153_ Acquired Spk. Treads. 01269_ LY-JSM(R) destroyed. Map ----- +----------------------------------------------------+ | ????# ##??????????????????????????????## ## | | ????###"" ##???####?????##?????????????????# ## | | ??????##" "#??## ###?? ##???????????????# ?# | | ??????##" "#??# ## #???????????????# ?# | | ?????##"" #?## ] #?????????????### ### | | ????## #### #?????????????# # | | ????# [ #?????????????# ## | | ???## ###### #?????????????## ### | | ?### ##????# #?????????????# ## | | ?# ###???# ####???????????# | | ?# ##???# ## #???????###?## | | ?# #?### ######??# ### | | ?#### #?# ## #?## ## | | ????## ## #?# ## #?# # | | ?????# ### ### ### ### ## | | ?????## ##?#### ## #? | | ??????######?????# #? | | ???? ????????????# ## ##? | | ???? ????????????## #######?? | | ???# ????????????# ##### #####<### | | ?### #????????#### #???## #" " """ | | # # #???????## # ###??### ## ##" " | | ## #???????# #????###########" | | ? #??####### ##& #??????????????# | | ## #### # # < R # ##?????????????# | | ## """ <<< @ ##????????????#" | | ""#"""""""" RR ###& #????????????#### ## | | ""##"""#""# ## " "&"###%R #???????????????# #? | | " # ###### # & #???????????????# #? | | # # # ##???????????????# #? | | " """ #### # ##???????????????# #? | | """"""""""##??## # #??????????????## ## | | ""###"" " #????# ## #??????????????# # | | ###?## #????# ### #####??????????????## | | ?###?#"" #???## #?## #?????????????????### | | ## #####" #### #??### #?????????????????# | | # ##?#"" #????###?????????????????## ## | | ##### #####????????????????????????# ### | | ?? #??# #???????????????????????????## #?? | | ????# #### #???????????????????????????## #?? | | ##### ##???????????????????????????# %###? | | ## ###??????????????????????????## %# ## | | ##?????????????????????????# | | #?????????????????????????# | | ##????????????????????????#### # | | #???????????????????????????### | | ##?????????????????????????????# | | #??????????????????????????????# | | ## ##??????????????????????????????# | | ####### #???????????????????????????????## | +----------------------------------------------------+ Best States ------------- Heat Dissipation 25 Coolant Potential 50 Energy Generation 15 Energy Capacity 250 Matter Stores 300 Matter Capacity 300 Sight Range 16 Terrain Scan Density 10 Armor Coverage 150 Evasion (%) 42 Item Schematics ----------------- None Robot Schematics ------------------ None Fabricated ------------ Nothing Repaired ---------- Nothing Studied --------- None Alien Tech Used ----------------- None Achievements -------------- None Challenges ------------ None Game ------ Seed ElectronAntimissileArray Manual? 0 Play Time 00:13:40 Cumulative 24.9 hours Start 2026.04.24 @ 18:43:17 End 2026.04.24 @ 18:54:54 Sessions 1 Manual Loads 0 Difficulty Rogue Special Mode None Game No. 21 Rogue 21 Adventurer 0 Explorer 0 Win Type - Total 0 Types 0/0/0/0/0/0/0/0/0/0 Lore% 13 Gallery% 21 Achievement% 15 Wizard Run 0 Options --------- Layout 1 ASCII 0 Keyboard 0 Movement Mouse Keybinds 0 Fullscreen 2 Font 32/SmallcapsGlow Map View 50x35 Zoom Use 0% Tactical HUD 1 Map Filters NONE Filters NONE Steam 1 RUN: 26fdd0dd-5fa8-4639-8c67-d520342cf8af